Map: King's Cove LE

Players

Wren - Winner!

  • Race: Protoss Protoss
  • Spawn Location: 11:00

VOD

Have the link to the VOD?

Description

2 gate fast expand with nexus on 20, 4 fast adepts into robo. this game transitioned to a 6 gate 2 base all-in, but economic transition is also possible.

Time

  • Played on: Jan. 29, 2019, 1 a.m.
  • Length: 12:11
Show
View Real Time Build Order
Export as new Build Order

Wren Protoss - Winner!

Build Orders:  

Get SALT Encoding   

  12  0:03  Probe (Chrono Boost)  
  14  0:20  Probe (Chrono Boost)  
  14  0:25  Pylon  
  14  0:35  Probe (Chrono Boost)  
  15  0:47  Probe (Chrono Boost)  
  15  0:53  Gateway  
  15  0:59  Probe (Chrono Boost)  
  16  1:07  Assimilator  
  17  1:15  Probe (Chrono Boost)  
  18  1:32  Probe (Chrono Boost)  
  18  1:35  Gateway  
  19  1:49  Probe (Chrono Boost)  
  20  2:01  Cybernetics Core  
  20  2:07  Probe (Chrono Boost)  
  21  2:31  Nexus  
  21  2:40  Pylon  
  21  2:47  Probe (Chrono Boost)  
  26  3:16  Probe (Chrono Boost)  
  26  3:19  Assimilator  
  27  3:33  Probe (Chrono Boost)  
  28  3:47  Unknown  
  28  3:48  Warp Gate  
  28  3:49  Unknown  
  29  3:50  Probe (Chrono Boost)  
  29  3:55  Robotics Facility  
  31  4:11  Unknown x2  
  31  4:19  Probe (Chrono Boost)  
  35  4:20  Probe (Chrono Boost)  
  35  4:26  Pylon  
  35  4:33  Probe (Chrono Boost)  
  35  4:36  Probe (Chrono Boost)  
  37  4:40  Unknown  
  37  4:52  Probe (Chrono Boost)  
  37  4:53  Unknown  
  38  5:05  Immortal  
  40  5:10  Probe x2 (Chrono Boost)  
  40  5:11  Stalker x2  
  48  5:27  Probe x2 (Chrono Boost)  
  50  5:38  Pylon  
  50  5:44  Probe x2 (Chrono Boost)  
  52  5:50  Stalker  
  52  5:56  Immortal  
  54  6:15  Stalker  
  60  6:22  Probe (Chrono Boost)  
  60  6:23  Probe (Chrono Boost)  
  62  6:31  Pylon  
  62  6:33  Gateway  
  62  6:36  Gateway  
  62  6:42  Gateway  
  62  6:48  Gateway  
  62  6:51  Warp Prism  
  64  7:03  Sentry x2  
  68  7:24  Pylon  
  68  7:26  Pylon  
  68  7:29  Pylon  
  68  7:32  Pylon  
  68  7:46  Pylon  
  68  8:18  Zealot  
  68  8:19  Zealot x2  
  74  8:20  Stalker x3  
  80  8:30  Pylon  
  80  8:33  Pylon  
  80  8:49  Zealot x2  
  84  8:50  Zealot  
  84  8:55  Stalker x3  
  92  9:12  Unknown x4  
  74  9:31  Zealot  
  74  9:32  Zealot x3  
  74  9:33  Zealot x2  
  84  10:02  Stalker x3  
  84  10:03  Stalker x3  
  92  10:21  Unknown x2  
  86  10:35  Zealot x3  
  86  10:36  Zealot  
  88  10:56  Zealot x2  
  92  11:04  Stalker x2  
  92  11:05  Stalker x2  
  100  11:25  Stalker  
  100  11:26  Stalker  
  104  11:37  Stalker x3  
  104  11:38  Stalker  
  112  12:00  Stalker  
  112  12:01  Stalker  
Tags
 
Add a new tag
Caveats
  • Supply blocks, unpowered buildings, or Contaminate may cause inaccurate times.
  • Supply counts are checked every 10 seconds.